Map: Hills of Peshkov

Players

Blackbear

  • Race: Terran Terran
  • League: Platinum
  • Spawn Location: 5:00

Hamsnake

  • Race: Zerg Zerg
  • League: Platinum
  • Spawn Location: 7:00

Grumm

  • Race: Protoss Protoss
  • League: Gold
  • Spawn Location: 6:00

BigLightning

  • Race: Protoss Protoss
  • League: Platinum
  • Spawn Location: 12:00

presuel

  • Race: Protoss Protoss
  • Spawn Location: 1:00

Hadoken

  • Race: Zerg Zerg
  • League: Gold
  • Spawn Location: 11:00

VOD

Have the link to the VOD?

Description

Time

  • Played on: Jan. 22, 2016, 1:31 a.m.
  • Length: 15:02
Show
View Real Time Build Order
Export as new Build Order

Blackbear Terran 

Build Orders: Reaper Expand, MMM Bio 

Get SALT Encoding   

  12  0:04  SCV  
  13  0:17  SCV  
  14  0:32  SCV  
  14  0:35  Supply Depot  
  15  0:45  Refinery  
  15  0:56  SCV  
  16  1:13  Barracks  
  16  1:18  Command Center  
  16  1:40  Barracks  
  16  1:53  SCV  
  16  1:54  Barracks  
  17  2:05  Refinery  
  17  2:09  SCV  
  18  2:23  SCV  
  18  2:25  Reaper  
  20  2:32  SCV  
  21  2:39  Reaper  
  22  2:46  Orbital Command  
  22  2:51  Reaper  
  24  2:58  Reaper  
  24  3:02  SCV  
  25  3:07  Orbital Command  
  25  3:14  Orbital Command  
  25  3:16  Reaper  
  26  3:25  Barracks Tech Lab  
  26  3:30  Reaper  
  27  3:38  SCV  
  28  3:45  Marine  
  29  3:48  Marine  
  29  3:50  SCV  
  31  4:02  Marine  
  32  4:23  Marine x2  
  32  4:24  Marauder  
  34  4:41  Marine  
  34  5:06  Barracks Tech Lab, Barracks Reactor  
  33  5:08  Stimpack  
  33  5:11  Factory, SCV x2  
  33  5:13  Marauder  
  37  5:15  Engineering Bay  
  37  5:23  SCV  
  38  5:39  SCV  
  38  5:43  SCV  
  38  5:59  Factory Reactor  
  38  6:01  Supply Depot  
  38  6:05  Refinery  
  38  6:06  Starport  
  38  6:09  Missile Turret  
  38  6:11  Combat Shields  
  38  6:17  Terran Infantry Armor Level 1  
  38  6:20  Supply Depot  
  38  6:23  Marauder, Marine x3  
  38  6:25  Refinery  
  43  6:26  Supply Depot  
  43  6:40  Marine x3  
  43  6:45  Marauder  
  35  6:58  Marine x3  
  35  6:59  SCV  
  37  7:06  Marauder  
  39  7:11  SCV  
  40  7:16  Marine x3  
  43  7:23  SCV  
  43  7:25  Medivac x2  
  43  7:27  Marauder  
  43  7:28  Factory Tech Lab  
  50  7:31  SCV  
  50  7:34  Marauder, Concussive Shells, Marine x2  
  50  7:35  SCV  
  56  7:43  SCV  
  57  7:47  SCV  
  57  7:49  Marauder  
  60  7:52  Marine x2  
  62  8:01  Medivac x2, Marauder, SCV x2  
  70  8:09  Marine x2  
  70  8:10  Marauder  
  70  8:11  Terran Infantry Weapons Level 1  
  74  8:13  SCV x2  
  76  8:22  Marine  
  76  8:25  SCV  
  78  8:32  Marine x2  
  78  8:33  Marauder, SCV  
  83  8:37  Medivac, SCV  
  86  9:13  Marine x2, SCV x2  
  86  9:14  Marauder x2  
  94  9:20  Supply Depot  
  93  9:25  SCV  
  93  9:26  SCV  
  93  9:31  Marine  
  93  9:33  Marine  
  94  9:41  Medivac, Marauder x2, SCV  
  101  9:49  Marine  
  102  10:43  Marine x2  
  102  10:44  Marine  
  102  10:45  Marauder  
  100  10:52  Liberator x2  
  100  11:01  Marauder  
  102  11:09  Marine x2  
  102  11:10  Armory  
  102  11:11  Supply Depot  
  110  11:32  Marine x3  
  113  11:50  Marine  
  75  12:17  Marine x2  
  75  12:18  Marauder  
  79  12:25  Terran Vehicle And Ship Armor Level 1  
  79  12:27  Terran Infantry Weapons Level 2  
  79  12:31  Liberator x2, Supply Depot  
  79  12:32  SCV x2  
  79  12:35  Marauder, Marine x2  
  85  12:39  Marine  
  86  12:44  SCV x2  
  94  12:53  Marine x2  
  94  12:57  Marauder  
  98  12:59  Starport  
  82  13:13  Liberator x2  
  82  13:15  Marine x3  
  82  13:17  Marine  
  86  13:33  Marine x3  
  95  13:35  Marine  
  96  13:50  Marine  
  96  13:51  Marauder, Marine  
  96  13:53  Marine  
  100  13:56  Liberator  
  91  14:08  Marine x2  
  90  14:11  Marine  
  90  14:13  Medivac, Marauder  
  98  14:26  Marine x2  
  98  14:29  Marine  
  101  14:34  Marauder  
  103  14:44  Marine x2  
Show
View Real Time Build Order
Export as new Build Order

Hamsnake Zerg 

Build Orders: Hatch First, Swarm Host 

Get SALT Encoding   

  12  0:01  Drone  
  13  0:08  Drone  
  14  0:17  Overlord  
  14  0:35  Drone  
  14  0:36  Drone x2  
  17  0:46  Drone  
  18  0:59  Hatchery  
  17  1:05  Drone  
  18  1:13  Drone  
  19  1:18  Spawning Pool  
  19  1:20  Drone  
  19  1:32  Drone  
  20  1:33  Extractor  
  19  1:40  Drone  
  20  1:51  Overlord  
  20  2:06  Spine Crawler  
  20  2:07  Zergling x2, Queen  
  22  2:13  Zergling x4, Spine Crawler  
  23  2:33  Zergling x6  
  26  2:38  Queen  
  28  2:46  Metabolic Boost  
  28  2:55  Drone x2  
  28  2:57  Drone  
  31  3:11  Drone x2  
  33  3:12  Evolution Chamber  
  32  3:22  Drone x3  
  32  3:23  Zergling x2  
  36  3:33  Evolution Chamber  
  35  3:34  Zergling x2  
  35  3:39  Overlord  
  36  3:44  Extractor  
  35  3:52  Drone  
  35  3:55  Lair  
  36  4:00  Zergling x2  
  36  4:01  Zergling x2  
  38  4:06  Overlord  
  38  4:15  Drone x2  
  38  4:16  Drone x2  
  42  4:29  Drone  
  42  4:30  Drone x3  
  46  4:34  Zerg Melee Weapons Level 1  
  46  4:39  Drone x2  
  48  4:46  Zerg Ground Armor Level 1  
  48  4:56  Extractor  
  48  4:57  Drone, Extractor  
  48  4:58  Drone x4  
  51  5:02  Overlord  
  51  5:06  Drone  
  52  5:11  Infestation Pit  
  52  5:13  Spore Crawler  
  50  5:17  Spore Crawler  
  50  5:20  Drone x3  
  52  5:32  Queen  
  54  5:43  Hatchery  
  54  5:44  Overlord  
  54  5:46  Drone  
  54  5:49  Drone  
  55  5:56  Drone  
  55  5:57  Drone x3  
  59  6:11  Spore Crawler  
  59  6:12  Drone x3  
  59  6:13  Drone x3  
  64  6:20  Hive  
  64  6:31  Infestor x2  
  68  6:33  Overlord  
  68  6:51  Infestor x2, Overlord  
  68  6:52  Overlord  
  68  6:53  Infestor x2  
  76  6:58  Overseer  
  76  7:07  Queen  
  76  7:08  Drone x4  
  81  7:09  Overlord x2  
  82  7:17  Zergling x2  
  82  7:18  Zergling x2  
  82  7:19  Drone  
  82  7:21  Extractor  
  84  7:29  Infestor x2  
  88  7:31  Zergling x2  
  88  7:33  Drone  
  90  7:39  Extractor  
  89  7:44  Spore Crawler  
  89  7:47  Drone x4  
  89  7:49  Swarm Host  
  95  7:51  Overseer x2  
  95  7:52  Spore Crawler  
  94  8:07  Swarm Host x3  
  103  8:22  Spine Crawler  
  103  8:23  Spine Crawler x2  
  103  8:24  Swarm Host  
  103  8:29  Spore Crawler  
  102  8:44  Swarm Host  
  102  8:45  Swarm Host x3  
  106  9:10  Hatchery  
  106  9:11  Zergling x2  
  106  9:12  Zergling x8  
  107  9:32  Swarm Host  
  107  9:33  Swarm Host  
  113  9:54  Overlord  
  113  9:55  Overlord x8  
  113  10:11  Drone  
  114  10:15  Drone x5  
  119  10:21  Swarm Host  
  122  10:30  Zerg Ground Armor Level 2, Zerg Missile Weapons Level 1  
  122  10:40  Drone, Swarm Host  
  126  11:01  Viper  
  126  11:02  Viper x4  
  141  11:12  Viper  
  141  11:13  Evolution Chamber  
  141  11:14  Evolution Chamber  
  142  11:59  Zergling x12  
  142  12:00  Zergling x16  
  156  12:03  Queen  
  158  12:09  Queen  
  158  12:13  Spore Crawler  
  159  12:19  Swarm Host x3  
  159  12:20  Swarm Host x2  
  163  13:12  Drone x4  
  167  13:13  Drone x9  
  162  13:40  Viper x6  
  172  13:41  Zergling x6  
  172  13:42  Zergling x2  
  164  14:16  Swarm Host x5  
  164  14:17  Swarm Host  
Show
View Real Time Build Order
Export as new Build Order

Grumm Protoss 

Build Orders: Nexus First 

Get SALT Encoding   

  12  0:01  Probe (Chrono Boost)  
  13  0:12  Probe (Chrono Boost)  
  14  0:22  Probe (Chrono Boost)  
  15  0:48  Nexus  
  15  0:57  Pylon  
  15  1:15  Probe (Chrono Boost)  
  16  1:24  Gateway  
  16  1:27  Forge  
  16  1:30  Pylon  
  16  1:39  Probe (Chrono Boost)  
  17  1:56  Gateway  
  17  2:02  Photon Cannon  
  17  2:05  Photon Cannon  
  17  2:08  Probe x2 (Chrono Boost)  
  19  2:14  Assimilator  
  19  2:18  Probe (Chrono Boost)  
  20  2:34  Probe (Chrono Boost)  
  21  2:37  Cybernetics Core  
  21  2:44  Probe x2 (Chrono Boost), Zealot  
  25  2:52  Assimilator  
  25  2:54  Probe (Chrono Boost)  
  26  3:02  Pylon  
  26  3:03  Assimilator  
  26  3:05  Probe x2 (Chrono Boost)  
  28  3:20  Probe x2 (Chrono Boost)  
  30  3:27  Warp Gate (Chrono Boost)  
  30  3:29  Zealot  
  30  3:31  Probe, Adept  
  30  3:33  Probe  
  36  3:38  Assimilator  
  36  3:40  Pylon  
  35  3:56  Stalker  
  35  3:58  Stalker  
  39  4:07  Mothership Core  
  41  4:22  Probe  
  42  4:28  Probe  
  43  4:35  Pylon  
  43  4:39  Gateway  
  43  4:46  Pylon  
  43  4:50  Robotics Facility  
  43  4:52  Stargate  
  43  4:58  Probe  
  44  5:00  Probe, Photon Cannon  
  45  5:09  Probe  
  45  5:12  Probe  
  47  5:14  Photon Cannon  
  47  5:18  Stalker x2  
  43  5:50  Probe  
  43  5:52  Probe  
  43  5:54  Stalker x2  
  43  5:56  Immortal (Chrono Boost)  
  47  6:00  Void Ray  
  51  6:06  Probe  
  51  6:08  Probe  
  53  6:15  Pylon  
  53  6:18  Probe  
  53  6:20  Probe  
  53  6:22  Protoss Ground Weapons Level 1  
  55  6:29  Pylon  
  55  6:34  Probe x2  
  55  6:37  Pylon  
  57  6:40  Zealot x3  
  63  6:58  Void Ray  
  63  7:05  Stalker, Immortal (Chrono Boost)  
  63  7:06  Stalker  
  63  7:07  Probe  
  63  7:08  Probe  
  77  7:13  Photon Cannon  
  77  7:15  Pylon  
  77  7:22  Gateway  
  77  7:25  Gateway  
  77  7:28  Photon Cannon  
  77  7:34  Stalker  
  77  7:35  Stalker  
  81  7:42  Stalker  
  83  7:50  Void Ray  
  83  7:57  Immortal (Chrono Boost)  
  91  7:59  Protoss Air Weapons Level 1 (Chrono Boost)  
  91  8:17  Protoss Ground Armor Level 1 (Chrono Boost)  
  90  8:49  Zealot x2  
  90  8:50  Zealot  
  96  9:00  Void Ray  
  100  9:10  Pylon  
  100  9:11  Pylon  
  100  9:18  Zealot  
  102  9:28  Immortal  
  106  9:36  Stalker x2  
  106  9:37  Nexus  
  106  9:38  Zealot x3  
  114  9:39  Pylon  
  114  9:42  Pylon  
  78  10:28  Stalker  
  78  10:29  Void Ray, Stalker x4  
  78  10:31  Immortal (Chrono Boost)  
  96  10:49  Probe  
  96  10:50  Probe x2  
  99  11:00  Robotics Facility  
  99  11:01  Stargate  
  99  11:02  Probe  
  99  11:04  Protoss Shields Level 1  
  100  11:05  Stalker x4  
  100  11:06  Stalker  
  100  11:07  Void Ray  
  100  11:10  Immortal (Chrono Boost)  
  114  11:13  Photon Cannon  
  110  11:59  Zealot  
  110  12:00  Zealot x4  
  120  12:12  Probe  
  120  12:14  Probe x2  
  51  12:47  Stalker x2  
  51  12:48  Stalker x3  
  55  12:52  Void Ray  
  55  12:58  Immortal (Chrono Boost)  
  63  13:03  Immortal (Chrono Boost)  
  67  13:08  Probe  
  67  13:09  Probe x2  
  70  13:26  Stalker x5  
  74  13:48  Immortal x2 (Chrono Boost)  
  82  13:50  Void Ray  
Show
View Real Time Build Order
Export as new Build Order

BigLightning Protoss 

Build Orders: Blink Stalkers 

Get SALT Encoding   

  12  0:01  Probe (Chrono Boost)  
  13  0:11  Probe (Chrono Boost)  
  14  0:17  Pylon  
  14  0:22  Probe (Chrono Boost)  
  16  0:35  Probe (Chrono Boost)  
  16  0:37  Gateway  
  16  0:45  Assimilator  
  16  0:49  Probe (Chrono Boost)  
  17  0:57  Assimilator  
  17  1:00  Probe (Chrono Boost)  
  18  1:10  Probe (Chrono Boost)  
  19  1:21  Probe (Chrono Boost)  
  19  1:25  Cybernetics Core  
  20  1:30  Gateway  
  20  1:32  Probe (Chrono Boost)  
  21  1:42  Probe (Chrono Boost)  
  22  1:48  Gateway  
  22  1:53  Probe (Chrono Boost)  
  23  2:01  Warp Gate  
  23  2:11  Pylon  
  23  2:16  Twilight Council  
  23  2:24  Pylon  
  23  2:29  Mothership Core (Chrono Boost)  
  25  2:32  Stalker  
  27  2:40  Stalker  
  29  2:47  Stalker  
  31  2:56  Blink (Chrono Boost)  
  31  3:12  Stalker  
  33  3:24  Probe (Chrono Boost)  
  34  3:27  Stalker  
  34  3:29  Pylon  
  36  4:15  Stalker x3  
  40  4:45  Probe  
  41  5:00  Nexus  
  41  5:02  Probe  
  42  5:08  Assimilator  
  42  5:11  Stalker x2  
  42  5:12  Assimilator  
  46  5:14  Probe  
  46  5:19  Pylon  
  47  5:21  Pylon  
  47  5:26  Pylon  
  47  5:37  Probe  
  48  5:49  Probe  
  49  6:01  Probe  
  50  6:08  Stalker x3  
  56  6:13  Probe  
  56  6:16  Probe  
  56  6:17  Robotics Facility  
  58  6:18  Gateway  
  58  6:25  Probe  
  59  6:27  Probe  
  60  6:37  Probe x2  
  62  6:49  Probe x2  
  62  6:53  Stalker x3  
  70  7:00  Gateway x2  
  70  7:01  Probe  
  70  7:04  Gateway  
  71  7:13  Forge  
  71  7:15  Forge  
  71  7:17  Probe x2  
  73  7:27  Probe  
  73  7:28  Observer  
  73  7:29  Probe  
  76  7:57  Probe  
  76  7:58  Probe  
  76  7:59  Pylon  
  76  8:03  Stalker x2  
  76  8:04  Stalker x2  
  86  8:09  Pylon  
  86  8:12  Nexus, Protoss Ground Weapons Level 1 (Chrono Boost)  
  86  8:14  Protoss Ground Armor Level 1 (Chrono Boost)  
  86  8:18  Observer  
  87  8:34  Photon Cannon  
  87  8:39  Photon Cannon  
  87  8:41  Probe  
  86  9:07  Probe x2  
  88  9:12  Charge  
  88  9:14  Immortal  
  92  9:17  Stalker x3  
  92  9:18  Stalker x2  
  92  9:22  Probe  
  92  9:23  Probe x2  
  105  9:25  Pylon  
  105  9:35  Probe x2  
  79  10:28  Probe  
  79  10:29  Probe x2  
  79  10:31  Pylon  
  79  10:35  Pylon  
  82  10:55  Probe x2  
  82  10:56  Probe  
  84  10:58  Photon Cannon  
  84  10:59  Stalker x3, Gateway  
  84  11:00  Stalker x3  
  84  11:01  Stalker  
  99  11:07  Protoss Ground Weapons Level 2 (Chrono Boost), Protoss Ground Armor Level 2 (Chrono Boost)  
  99  11:13  Probe x2  
  99  11:14  Mothership Core, Pylon x2  
  99  11:15  Assimilator  
  99  11:16  Assimilator  
  103  11:25  Probe  
  104  11:40  Stalker x6  
  104  11:41  Stalker  
  117  12:14  Zealot x3  
  117  12:15  Zealot x2  
  123  12:23  Zealot  
  89  12:39  Zealot x5  
  89  12:40  Zealot x2  
  91  12:56  Nexus  
  91  13:02  Stalker x2  
  91  13:03  Stalker x4  
  91  13:04  Stalker  
  97  13:26  Stalker  
  97  13:27  Stalker  
  101  13:48  Pylon  
  101  13:51  Pylon  
  101  13:53  Pylon  
  102  13:55  Observer  
  102  13:59  Templar Archives  
  102  14:17  Observer  
  99  14:19  Stalker  
  99  14:20  Zealot  
  99  14:21  Zealot x6  
  99  14:54  Stalker x4  
  99  14:55  Stalker x4  
Show
View Real Time Build Order
Export as new Build Order

presuel Protoss 

Build Orders:  

Get SALT Encoding   

  12  0:01  Probe (Chrono Boost)  
  13  0:12  Probe (Chrono Boost)  
  14  0:22  Probe (Chrono Boost)  
  15  0:45  Pylon  
  15  1:15  Nexus  
  15  1:19  Probe (Chrono Boost)  
  15  1:23  Pylon  
  15  1:35  Nexus  
  15  1:49  Pylon  
  15  1:58  Forge  
  15  2:00  Probe (Chrono Boost)  
  16  2:11  Probe (Chrono Boost)  
  16  2:12  Gateway  
  17  2:19  Pylon  
  17  2:22  Probe (Chrono Boost)  
  18  2:28  Probe (Chrono Boost)  
  19  2:34  Probe (Chrono Boost)  
  20  2:48  Probe (Chrono Boost)  
  21  3:00  Probe (Chrono Boost)  
  21  3:01  Probe x2 (Chrono Boost)  
  21  3:05  Photon Cannon  
  24  3:09  Photon Cannon  
  24  3:17  Pylon  
  24  3:25  Assimilator x2, Probe (Chrono Boost)  
  25  3:28  Probe (Chrono Boost)  
  26  3:39  Photon Cannon  
  26  3:43  Pylon  
  26  3:45  Pylon  
  27  3:48  Probe (Chrono Boost)  
  27  3:49  Probe (Chrono Boost)  
  27  3:51  Probe (Chrono Boost)  
  21  4:12  Zealot  
  21  4:14  Photon Cannon  
  21  4:24  Probe (Chrono Boost)  
  22  4:35  Probe (Chrono Boost)  
  22  4:36  Probe (Chrono Boost)  
  22  4:39  Probe (Chrono Boost)  
  22  4:46  Probe (Chrono Boost)  
  22  4:48  Probe (Chrono Boost)  
  24  4:57  Photon Cannon  
  24  5:04  Cybernetics Core  
  24  5:05  Probe x2 (Chrono Boost)  
  24  5:06  Probe (Chrono Boost)  
  27  5:16  Probe x3 (Chrono Boost)  
  30  5:27  Probe (Chrono Boost)  
  30  5:28  Probe x2 (Chrono Boost)  
  33  5:37  Probe (Chrono Boost)  
  33  5:38  Probe (Chrono Boost)  
  33  5:39  Probe (Chrono Boost)  
  36  5:48  Probe (Chrono Boost)  
  37  5:54  Probe x2 (Chrono Boost)  
  37  5:56  Photon Cannon  
  39  5:58  Probe (Chrono Boost)  
  39  6:00  Assimilator x2  
  41  6:04  Probe x2 (Chrono Boost)  
  41  6:06  Pylon  
  41  6:09  Probe (Chrono Boost)  
  43  6:15  Probe x2 (Chrono Boost)  
  45  6:19  Probe (Chrono Boost)  
  45  6:21  Pylon  
  46  6:27  Assimilator  
  46  6:29  Assimilator  
  46  6:30  Probe (Chrono Boost)  
  47  6:35  Photon Cannon  
  47  6:41  Probe (Chrono Boost)  
  48  6:54  Pylon  
  48  6:56  Mothership Core (Chrono Boost), Probe (Chrono Boost)  
  48  6:57  Pylon, Probe (Chrono Boost)  
  52  7:07  Probe (Chrono Boost)  
  52  7:08  Probe (Chrono Boost)  
  54  7:14  Probe (Chrono Boost)  
  55  7:17  Probe (Chrono Boost)  
  55  7:18  Stargate x2  
  55  7:19  Probe (Chrono Boost)  
  55  7:21  Stargate  
  57  7:23  Stargate  
  57  7:25  Pylon, Probe (Chrono Boost)  
  57  7:27  Pylon  
  57  7:28  Probe (Chrono Boost)  
  59  7:30  Pylon  
  59  7:35  Probe x2 (Chrono Boost)  
  61  7:38  Probe (Chrono Boost)  
  62  7:45  Pylon  
  62  7:46  Probe x2 (Chrono Boost)  
  62  7:49  Probe (Chrono Boost)  
  65  7:56  Probe (Chrono Boost)  
  65  7:57  Probe (Chrono Boost)  
  67  7:59  Probe (Chrono Boost)  
  67  8:05  Fleet Beacon  
  68  8:07  Probe (Chrono Boost)  
  68  8:08  Stargate  
  68  8:10  Stargate, Probe (Chrono Boost)  
  68  8:11  Probe (Chrono Boost)  
  71  8:18  Probe (Chrono Boost)  
  72  8:20  Photon Cannon  
  72  8:23  Photon Cannon  
  72  8:24  Photon Cannon  
  72  8:28  Photon Cannon  
  72  8:30  Photon Cannon  
  72  8:34  Photon Cannon  
  72  8:37  Probe x3  
  75  8:49  Probe x2  
  75  8:50  Probe  
  75  8:52  Tempest (Chrono Boost)  
  75  8:53  Tempest (Chrono Boost)  
  75  8:54  Tempest (Chrono Boost)  
  94  8:57  Tempest (Chrono Boost)  
  98  9:04  Tempest (Chrono Boost)  
  102  9:10  Tempest (Chrono Boost)  
  102  9:21  Cybernetics Core  
  102  9:22  Twilight Council  
  102  9:34  Tempest x2 (Chrono Boost)  
  114  9:51  Tempest (Chrono Boost)  
  114  10:03  Photon Cannon  
  114  10:04  Photon Cannon  
  114  10:13  Tempest x2 (Chrono Boost)  
  118  10:26  Tempest (Chrono Boost)  
  122  10:40  Tempest (Chrono Boost)  
  126  10:44  Pylon  
  126  10:49  Tempest (Chrono Boost)  
  130  11:01  Tempest (Chrono Boost)  
  134  11:08  Protoss Air Weapons Level 1 (Chrono Boost)  
  134  11:18  Nexus  
  134  11:20  Pylon  
  134  11:22  Pylon  
  134  11:24  Pylon  
  134  11:28  Tempest  
  134  11:34  Tempest  
  134  11:38  Pylon  
  134  11:39  Pylon  
  141  11:41  Pylon  
  141  11:52  Mothership Core  
  143  12:00  Tempest  
  143  12:05  Tempest  
  151  12:15  Photon Cannon  
  151  12:17  Photon Cannon  
  151  12:19  Tempest  
  151  12:21  Photon Cannon  
  155  12:25  Photon Cannon  
  155  12:27  Photon Cannon  
  155  12:28  Photon Cannon  
  155  12:29  Photon Cannon x2  
  155  12:30  Photon Cannon  
  155  12:32  Photon Cannon  
  155  12:35  Photon Cannon  
  155  12:36  Photon Cannon  
  155  12:37  Photon Cannon  
  155  12:39  Photon Cannon  
  155  12:41  Photon Cannon  
  155  12:43  Tempest x2, Photon Cannon  
  151  12:45  Photon Cannon  
  151  12:47  Photon Cannon  
  151  12:49  Tempest  
  159  13:02  Phoenix x2  
  168  13:49  Photon Cannon  
  168  13:51  Photon Cannon  
  168  13:53  Photon Cannon  
  168  13:54  Photon Cannon  
  168  13:57  Photon Cannon  
  168  14:01  Pylon  
  168  14:03  Pylon, Probe  
  168  14:08  Tempest x2  
  169  14:12  Assimilator  
  169  14:13  Probe, Tempest  
  169  14:14  Tempest  
  169  14:16  Assimilator  
  186  14:19  Pylon  
  186  14:24  Probe  
  187  14:35  Phoenix x2  
Show
View Real Time Build Order
Export as new Build Order

Hadoken Zerg 

Build Orders: Pool First 

Get SALT Encoding   

  12  0:26  Drone  
  12  0:27  Spawning Pool  
  12  0:31  Drone  
  12  0:32  Extractor  
  12  0:43  Overlord  
  12  0:46  Drone  
  13  1:13  Zergling x2  
  13  1:14  Zergling x4  
  16  1:27  Zergling x2  
  17  1:37  Metabolic Boost  
  17  1:42  Zergling x2  
  18  1:54  Zergling x2  
  18  1:57  Queen  
  21  2:02  Drone  
  21  2:03  Spine Crawler  
  21  2:14  Zergling x2  
  21  2:33  Overlord  
  20  2:58  Zergling x2  
  20  2:59  Zergling x4  
  20  3:01  Hatchery  
  22  3:07  Drone x2  
  24  3:15  Spine Crawler  
  24  3:18  Drone  
  24  3:25  Drone  
  25  3:37  Lair  
  25  3:48  Drone x2  
  25  3:49  Drone  
  25  3:54  Drone  
  29  4:17  Overlord  
  29  4:19  Extractor  
  29  4:21  Overlord  
  28  4:30  Drone  
  28  4:31  Drone x4  
  33  4:54  Zergling x4  
  33  4:55  Zergling x2  
  36  5:05  Nydus Network  
  35  5:13  Zergling x6  
  35  5:14  Zergling x2, Pneumatized Carapace  
  39  5:27  Drone x3  
  39  5:28  Drone x2  
  44  5:41  Overlord  
  44  5:43  Overlord  
  44  5:46  Drone  
  44  5:47  Drone  
  46  6:19  Nydus Canal  
  46  6:22  Drone x9  
  55  6:30  Hatchery  
  40  7:01  Zergling x2  
  40  7:02  Zergling x10  
  45  7:17  Overlord  
  45  7:20  Overlord  
  45  7:24  Drone  
  45  7:25  Drone  
  45  7:26  Queen  
  49  7:56  Nydus Canal  
  49  7:59  Overlord  
  49  8:01  Overlord  
  49  8:02  Queen  
  49  8:04  Zergling x12  
  49  8:05  Zergling x8  
  61  8:09  Queen  
  59  8:22  Overlord  
  59  8:29  Zergling x10  
  64  8:35  Nydus Canal  
  64  8:37  Drone  
  64  8:38  Drone x2  
  64  8:40  Overlord x2  
  67  8:45  Drone  
  67  9:07  Zergling x2  
  67  9:08  Zergling x10  
  64  9:18  Zergling x6  
  60  9:28  Zergling x6  
  33  9:45  Spawning Pool  
  33  9:49  Zergling x2  
  33  9:50  Zergling x10  
  34  10:02  Drone x3  
  22  10:23  Hatchery  
  22  10:26  Hatchery  
  11  10:52  Hatchery  
  10  11:08  Hatchery  
  9  11:23  Zergling x6  
  12  12:06  Zergling x2  
  13  12:16  Overlord  
  13  12:18  Lair  
  12  12:31  Zergling x4  
  12  12:33  Hatchery  
  13  12:53  Zergling x4  
  13  12:54  Zergling x6  
  18  12:59  Drone  
  18  13:02  Queen  
  21  13:16  Overseer  
  21  13:21  Drone x4  
  25  13:27  Hatchery  
  24  13:34  Hatchery  
  23  13:42  Overlord x6  
  23  13:59  Zergling x2  
  23  14:00  Zergling x4  
  23  14:02  Drone  
  27  14:23  Overseer  
  25  14:24  Overseer  
  23  14:45  Zergling x8  
Tags
 
Add a new tag
Caveats
  • Supply blocks, unpowered buildings, or Contaminate may cause inaccurate times.
  • Supply counts are checked every 10 seconds.